 Dungeon Crawl Stone Soup version 0.25-a0-460-g4f2eb97ec1 (webtiles) character file.

Game seed: 10589489307920504094, levelgen mode: deterministic

612 ReteAZ the Ducker (level 7, -2/52 HPs)
             Began as a Gnoll Wanderer on Feb 3, 2020.
             Killed by divine providence
             ... invoked by an orc priest
              (13 damage)
             ... on level 4 of the Dungeon.
             The game lasted 00:05:16 (5305 turns).

ReteAZ the Ducker (Gnoll Wanderer)                  Turns: 5305, Time: 00:05:17

Health: -2/52      AC:  8    Str: 15    XL:     7   Next: 44%
Magic:  10/10      EV: 13    Int: 14    God:
Gold:   301        SH:  0    Dex:  9    Spells: 10/10 levels left

rFire    . . .     SeeInvis .   a - +0 mace
rCold    . . .     Gourm    .   (no shield)
rNeg     . . .     Faith    .   b - +2 leather armour
rPois    .         Spirit   .   (no helmet)
rElec    .         Reflect  .   q - +0 cloak
rCorr    .         Harm     .   (no gloves)
MR       .....                  (no boots)
Stlth    ++........             (no amulet)
HPRegen  0.17/turn              r - -5 ring of dexterity (curse)
MPRegen  0.12/turn              (no ring)

@: no status effects
A: distributed training, fangs 1, thin metallic scales 1, clumsy 1, strong nose
a: no special abilities


You were on level 4 of the Dungeon.
You were not hungry.

You visited 1 branch of the dungeon, and saw 5 of its levels.

You collected 301 gold pieces.

Inventory:

Hand Weapons
 a - a +0 mace (weapon)
Armour
 b - a +2 leather armour (worn)
 c - a +0 ring mail
 q - a +0 cloak (worn)
Jewellery
 r - a cursed -5 ring of dexterity (left hand)
 u - an uncursed amulet of the gourmand {unknown}
Wands
 f - a wand of clouds (3)
Scrolls
 e - 2 scrolls of magic mapping {unknown}
 g - a scroll of fear {unknown}
 h - 3 scrolls of teleportation {unknown}
 j - a scroll of fog {unknown}
 m - a scroll of enchant weapon {unknown}
 n - 5 scrolls of identify {unknown}
 o - 2 scrolls of remove curse {unknown}
 t - a scroll of blinking {unknown}
Potions
 i - a potion of curing
 k - 2 potions of heal wounds
 l - 2 potions of lignification
 p - a potion of agility
Comestibles
 d - 7 rations
 s - 5 chunks of flesh


   Skills:
 + Level 3.6 Fighting
 + Level 2.4 Short Blades
 + Level 2.4 Long Blades
 + Level 2.4 Axes
 + Level 5.2 Maces & Flails
 + Level 3.6 Polearms
 + Level 2.4 Staves
 + Level 2.4 Slings
 + Level 2.4 Bows
 + Level 2.4 Crossbows
 + Level 2.4 Throwing
 + Level 5.2 Armour
 + Level 5.2 Dodging
 + Level 3.4 Stealth
 + Level 2.4 Shields
 + Level 2.4 Unarmed Combat
 + Level 2.4 Spellcasting
 + Level 2.0 Conjurations
 + Level 2.0 Hexes
 + Level 2.0 Charms
 + Level 2.0 Summonings
 + Level 2.0 Necromancy
 + Level 2.0 Translocations
 + Level 2.0 Transmutations
 + Level 2.0 Fire Magic
 + Level 2.0 Ice Magic
 + Level 2.0 Air Magic
 + Level 2.0 Earth Magic
 + Level 2.0 Poison Magic
 + Level 2.7 Invocations
 + Level 3.6 Evocations


You had 10 spell levels left.
You didn't know any spells.
Your spell library contained the following spells:

 Spells                   Type           Power        Failure   Level  Hunger
 Animate Skeleton         Necr           N/A          12%         1    #......
 Apportation              Tloc           #.....       12%         1    #......
 Corona                   Hex            #......      12%         1    #......
 Summon Small Mammal      Summ           #...         12%         1    #......


Dungeon Overview and Level Annotations

Branches:
Dungeon (5/15)
 Temple: D:4-7

Altars:
Fedhas
Qazlal


Innate Abilities, Weirdness & Mutations

Your experience applies equally to all skills.
You have very sharp teeth.
Your uncanny sense of smell can sniff out nearby items.
You are partially covered in thin metallic scales. (AC +2)
You are clumsy. (Dex -2)


Message History

Beogh smites you!
* * * LOW HITPOINT WARNING * * *
The orc priest miscasts a cantrip.
The orc priest hits you.
* * * LOW HITPOINT WARNING * * *
You barely miss the orc priest.
The orc priest is lightly wounded.
The orc priest closely misses you. The orc priest barely misses you.
You closely miss the orc priest.
The orc priest is lightly wounded.
The orc priest hits you but does no damage.
The orc priest hits you.
* * * LOW HITPOINT WARNING * * *
The orc priest barely misses you.
You closely miss the orc priest.
The orc priest is lightly wounded.
The orc priest closely misses you.
The orc priest mumbles some strange prayers to Beogh against you.
Beogh smites you!
You die...

....#.......##.....<..........###
....#.......##................# #
....#........####..####.......###
....####.###..# ##.##....>.......
.[#...##.####.###..........(..###
.......................##########
.......................#........#
................#...(.##........#
................@.<..[..........#
......####......oo..............#
##...## #............#####..####
#..#.#####.........#.## ##..###
..............#...##.# ##...#
........####.##..###.# ###.(
........# #.....#...# ###
........####....##.### ##
................#..#### ##.


You could see 2 orc priests.

Vanquished Creatures
  3 centaurs
  A scorpion (D:5)
  A crimson imp (D:3)
  An orc priest (D:3)
  An orc wizard (D:3)
  A bullfrog skeleton (D:4)
  An iguana (D:4)
  A worker ant (D:4)
  7 adders
  A shadow imp (D:5)
  A worm (D:3)
  A dart slug (D:3)
  6 leopard geckos
  13 orcs
  5 giant cockroaches
  7 goblins
  3 hobgoblins
  3 jackals (D:4)
  2 kobolds (D:3)
  3 quokkas (D:4)
  7 bats
  5 frilled lizards
  5 rats
79 creatures vanquished.

Notes
Turn   | Place    | Note
-------+----------+-------------------------------------------
     0 | D:1      | ReteAZ the Gnoll Wanderer began the quest for the Orb.
     0 | D:1      | ReteAZ set off with the following items: a +0 mace, a +2
                  | leather armour, a +0 ring mail, a ration
     0 | D:1      | Reached XP level 1. HP: 17/17 MP: 2/2
   393 | D:1      | Reached XP level 2. HP: 21/23 MP: 3/3
  1612 | D:3      | Reached XP level 3. HP: 25/28 MP: 4/4
  1772 | D:3      | Reached skill level 1 in Invocations
  1991 | D:3      | Reached skill level 1 in Short Blades
  1991 | D:3      | Reached skill level 1 in Long Blades
  1991 | D:3      | Reached skill level 1 in Axes
  1991 | D:3      | Reached skill level 1 in Staves
  1991 | D:3      | Reached skill level 1 in Slings
  1991 | D:3      | Reached skill level 1 in Bows
  1991 | D:3      | Reached skill level 1 in Crossbows
  1991 | D:3      | Reached skill level 1 in Throwing
  1991 | D:3      | Reached skill level 1 in Shields
  1991 | D:3      | Reached skill level 1 in Unarmed Combat
  1991 | D:3      | Reached skill level 1 in Spellcasting
  2022 | D:3      | Reached XP level 4. HP: 29/34 MP: 6/6
  2163 | D:3      | Reached skill level 1 in Conjurations
  2163 | D:3      | Reached skill level 1 in Hexes
  2163 | D:3      | Reached skill level 1 in Charms
  2163 | D:3      | Reached skill level 1 in Summonings
  2163 | D:3      | Reached skill level 1 in Necromancy
  2163 | D:3      | Reached skill level 1 in Translocations
  2163 | D:3      | Reached skill level 1 in Transmutations
  2163 | D:3      | Reached skill level 1 in Fire Magic
  2163 | D:3      | Reached skill level 1 in Ice Magic
  2163 | D:3      | Reached skill level 1 in Air Magic
  2163 | D:3      | Reached skill level 1 in Earth Magic
  2163 | D:3      | Reached skill level 1 in Poison Magic
  2187 | D:3      | Reached XP level 5. HP: 25/40 MP: 7/7
  3173 | D:3      | Noticed a centaur
  3199 | D:3      | Killed a centaur
  3199 | D:3      | Reached XP level 6. HP: 37/47 MP: 8/8
  3359 | D:4      | Gained mutation: You are clumsy. (Dex -2) [potion of
                  | mutation]
  3359 | D:4      | Gained mutation: You are partially covered in thin metallic
                  | scales. (AC +2) [potion of mutation]
  3688 | D:4      | Reached skill level 5 in Maces & Flails
  3688 | D:4      | Reached skill level 5 in Armour
  3688 | D:4      | Reached skill level 5 in Dodging
  4307 | D:5      | Entered Level 5 of the Dungeon
  4380 | D:5      | Reached XP level 7. HP: 4/52 MP: 10/10
  4493 | D:5      | HP: 2/52 [centaur (9)]
  4767 | D:5      | Found a blossoming altar of Fedhas.
  5095 | D:5      | Found a stormy altar of Qazlal.
  5305 | D:4      | Killed from afar by an orc priest

Levels and vault maps discovered:
D:1:      dpeg_arrival_long_road, layout_basic
D:2:      layout_basic
D:3:      layout_loops_corners, minmay_bisected
D:4:      layout_rooms, first_ration
D:5:      layout_loops_cross, chequers_temple_overflow_minitemple,
          grunt_temple_overflow_forces_of_nature, uniq_sigmund,
          uniq_crazy_yiuf_cottage

Skill      XL: |  1  2  3  4  5  6  7 |
---------------+----------------------+-----
Invocations    | 1 2 |  2.7
Short Blades   | 1 2 |  2.4
Long Blades    | 1 2 |  2.4
Axes           | 1 2 |  2.4
Staves         | 1 2 |  2.4
Slings         | 1 2 |  2.4
Bows           | 1 2 |  2.4
Crossbows      | 1 2 |  2.4
Throwing       | 1 2 |  2.4
Shields        | 1 2 |  2.4
Unarmed Combat | 1 2 |  2.4
Spellcasting   | 1 2 |  2.4
Conjurations   | 1 2 |  2.0
Hexes          | 1 2 |  2.0
Charms         | 1 2 |  2.0
Summonings     | 1 2 |  2.0
Necromancy     | 1 2 |  2.0
Translocations | 1 2 |  2.0
Transmutations | 1 2 |  2.0
Fire Magic     | 1 2 |  2.0
Ice Magic      | 1 2 |  2.0
Air Magic      | 1 2 |  2.0
Earth Magic    | 1 2 |  2.0
Poison Magic   | 1 2 |  2.0
Fighting       | 3 |  3.6
Polearms       | 3 |  3.6
Evocations     | 3 |  3.6
Stealth        | 3 |  3.4
Maces & Flails | 5 |  5.2
Armour         | 5 |  5.2
Dodging        | 5 |  5.2

Action                   |  1- 3 |  4- 6 |  7- 9 || total
-------------------------+-------+-------+-------++-------
Melee: Mace              |   118 |   308 |    89 ||   515
       Bite              |    13 |    28 |     8 ||    49
       Punch             |       |       |     1 ||     1
  Use: Potion            |       |     7 |     1 ||     8
 Stab: Sleeping          |     7 |       |     1 ||     8
       Invisible         |       |     1 |       ||     1
  Eat: Chunk             |     4 |     7 |     1 ||    12
       Ration            |       |       |     1 ||     1
Armor: Leather armour    |    33 |    98 |    30 ||   161
       Skin              |       |    18 |       ||    18
Dodge: Dodged            |   101 |   282 |    68 ||   451

Table legend:
 A = Non-vault XP
 B = Vault XP
 C = Vault XP percentage of total XP
 D = Non-vault monster count
 E = Vault monster count
 F = Vault count percentage of total count
                 A         B        C        D         E       F
            +---------+---------+-------+---------+---------+-------
      Total |     865 |      10 |   1.1 |      75 |       4 |   5.1
            +---------+---------+-------+---------+---------+-------
        D:1 |      13 |       0 |   0.0 |       9 |       0 |   0.0
        D:2 |       6 |       0 |   0.0 |       4 |       0 |   0.0
        D:3 |     371 |      10 |   2.6 |      37 |       4 |   9.8
        D:4 |     153 |       0 |   0.0 |      17 |       0 |   0.0
        D:5 |     322 |       0 |   0.0 |       8 |       0 |   0.0
            +---------+---------+-------+---------+---------+-------
